 Dungeon Crawl Stone Soup version 0.15.0-23-gc2b521c (webtiles) character file.

18095 Patate the Warrior (level 12, -9/121 HPs)
             Began as a Minotaur Berserker on Sept 7, 2014.
             Was an Elder of Trog.
             Mangled by a spiny frog (16 damage)
             ... on Level 1 of the Lair of Beasts on Sept 8, 2014.
             The game lasted 01:07:50 (16357 turns).

Patate the Warrior (Minotaur Berserker)            Turns: 16357, Time: 01:07:50

HP  -9/121       AC 18     Str 26      XL: 12   Next: 24%
MP   5/5         EV  9     Int  4      God: Trog [****..]
Gold 953         SH  0     Dex 15      Spells:  0 memorised, 11 levels left

rFire  . . .     SeeInvis .     (no weapon)
rCold  . . .     Clarity  +     d - +0 plate armour
rNeg   . . .     rCorr    .     (no shield)
rPois  .         rRot     .     (helmet restricted)
rElec  .         Spirit   .     (no cloak)
SustAb +         Warding  .     v - +0 pair of gloves
rMut   .         Stasis   .     g - +1 pair of boots
Gourm  .                        x - amulet of clarity
MR     ++...                    J - ring of sustain abilities
                                G - +4 ring of dexterity

@: lethally poisoned, regenerating, very resistant to hostile enchantments,
extremely unstealthy
A: retaliatory headbutt, horns 2, repulsion field 1, spit poison 1, no device
heal 1
a: Spit Poison, Burn Spellbooks, Berserk, Trog's Hand, Brothers in Arms,
Renounce Religion


You were on level 1 of the Lair of Beasts.
You worshipped Trog.
Trog was greatly pleased with you.
You were very hungry.

You visited 3 branches of the dungeon, and saw 15 of its levels.

You collected 953 gold pieces.

Inventory:

Hand weapons
 a - the +3 spear of Ifeeh {pierce, +Inv rN+}
   (You found it on level 5 of the Dungeon)

   It inflicts extra damage upon your enemies.
   It protects you from negative energy.
   It lets you turn invisible.
Missiles
 b - 8 silver javelins
 y - 5 javelins of penetration
 F - 3 tomahawks of returning (quivered)
Armour
 d - a +0 plate armour (worn)
 g - a +1 pair of boots (worn)
 v - a +0 pair of gloves (worn)
Magical devices
 u - a wand of lightning (8) {unknown}
 z - a wand of lightning (4) {unknown}
 D - a wand of fire (5)
 H - a wand of magic darts (12) {unknown}
Comestibles
 c - 9 bread rations
 p - 6 beef jerkies
 r - a chunk of adder flesh
 w - a slice of pizza
 C - 2 meat rations
Scrolls
 e - 4 scrolls of teleportation
 f - 7 scrolls of identify
 h - a scroll of holy word
 j - a scroll of random uselessness
 n - a scroll of acquirement
 o - a scroll of fear {unknown}
 q - 3 scrolls of enchant armour
 t - a scroll of enchant weapon
 B - a scroll of magic mapping
 E - 4 scrolls of remove curse
Jewellery
 k - an uncursed amulet of the gourmand
 l - an uncursed ring of teleport control
 x - an amulet of clarity (around neck)
 G - a +4 ring of dexterity (left hand)
 J - a ring of sustain abilities (right hand)
Potions
 i - a potion of agility
 m - a potion of haste
 s - 2 potions of might
 A - 3 potions of porridge
 K - 2 potions of brilliance


   Skills:
 + Level 15.6 Fighting
   Level 4.1(8.3) Axes
 + Level 11.1(11.4) Polearms
 + Level 8.3 Throwing
 - Level 10.3 Armour
 - Level 2.4 Dodging


You had 11 spell levels left.
You didn't know any spells.

Dungeon Overview and Level Annotations

Branches:
Dungeon (12/15)            Temple (1/1) D:5             Orc (0/4) D:9
   Lair (2/8) D:8

Altars:
Ashenzari
Cheibriados
Dithmenos
Elyvilon
Fedhas
Kikubaaqudgha
Makhleb
Nemelex Xobeh
Okawaru
Qazlal
Sif Muna
Trog
Vehumet
Xom
Yredelemnul
Zin
The Shining One

Annotations:
D:12 Maurice


Innate Abilities, Weirdness & Mutations

You reflexively headbutt those who attack you in melee.
You have a pair of horns on your head.
You are surrounded by a mild repulsion field (EV +2).
You can spit poison.
Potions and wands are less effective at restoring your health.


Message History

You feel sick. The spiny frog stings you!
* * * LOW HITPOINT WARNING * * *
You are more poisoned.
The spiny frog poisons you!
Your ogre hits the spiny frog with a giant spiked club!!
Huge Dmg: -14%(-17hp) hp: 7%(8hp) Drink which item? (? for menu, Esc to quit)
Okay, then.
Read which item? (? for menu, Esc to quit)
Okay, then.
Evoke which item? (* to show all) (? for menu, Esc to quit)
Okay, then.
Drink which item? (? for menu, Esc to quit)
Okay, then.
You hit the spiny frog but do no damage.
You headbutt the spiny frog, but do no damage.
The spiny frog is almost dead.
* * * LOW HITPOINT WARNING * * *
You feel sick. The spiny frog stings you!
You die...

#...###.###......................
.................................
..............#.###....%###......
#..########...### #.....###......
...## #.....###......#####P#.
P...#######.#....##...#.## ####.
.................#P....#.####P##.
.....#...........#...............
................@FO..>...........
.........................>.......
.................................
.................................
.................................
.....#..........................#
....###........................##
##### ##...................#.#.#
#.........#..........##.#


You could see a spiny frog and a friendly ogre (berserk).

Vanquished Creatures
  Harold (D:10)
  Erica (D:12)
  5 hill giants
  Pikel (D:6)
  An ugly thing (D:11)
  A manticore (D:12)
  A black mamba (Lair:1)
  Joseph (D:10)
  A komodo dragon (Lair:1)
  A spiny frog (Lair:1)
  A troll (D:8)
  A two-headed ogre (D:9)
  Prince Ribbit (D:6)
  The ghost of SaintRoka the Grappler, an experienced NaTm of Cheibriados (D:7)
  The ghost of EvilAshe the Severer, an average HOFi (D:4)
  2 hill giant skeletons
  22 yaks
  3 hippogriffs
  2 porcupines (Lair:1)
  3 wolves (D:8)
  A water moccasin (D:11)
  4 orc warriors
  2 ogres
  An orc zombie (D:12)
  3 sky beasts
  2 phantoms
  5 black bears
  3 ice beasts
  4 centaurs
  Sigmund (D:6)
  2 crocodiles
  9 giant frogs
  A big kobold (D:9)
  Blork the orc (D:9)
  2 wyvern zombies
  9 killer bees
  5 scorpions
  2 yak skeletons
  2 electric eels (D:8)
  5 crimson imps
  7 hounds
  2 giant frog zombies
  A centaur skeleton (D:6)
  2 iguanas
  9 orc priests
  A black bear skeleton (D:10)
  5 jellies
  6 worker ants
  10 orc wizards
  A two-headed ogre skeleton (D:10)
  A quasit (D:6)
  A sheep (Lair:1)
  2 ogre zombies
  A hound zombie (D:11)
  4 gnolls (D:9)
  13 adders
  6 green rats (Lair:1)
  4 shadow imps
  A worm (D:3)
  2 giant mites
  An adder skeleton (D:4)
  3 giant geckos
  An ooze (D:1)
  40 orcs
  2 bat skeletons
  A bat zombie (D:8)
  5 giant cockroaches
  8 hobgoblins
  10 jackals
  36 kobolds
  9 quokkas
  11 bats
  A giant gecko skeleton (D:4)
  3 giant newts (D:1)
  A giant newt skeleton (D:4)
  15 goblins
  A goblin zombie (D:5)
  9 rats
  A rat skeleton (D:8)
  4 plants (D:9)
356 creatures vanquished.

Vanquished Creatures (collateral kills)
  Psyche (D:8)
  A gargoyle (D:11)
  2 yaks (D:10)
  An orc warrior (D:9)
  2 electric eels (D:8)
  A hound (D:8)
  An orc priest (D:9)
  An orc wizard (D:9)
  14 orcs (D:9)
  A hobgoblin (D:8)
25 creatures vanquished.

Vanquished Creatures (others)
  An orc wizard (D:6)
  An adder skeleton (D:8)
  An orc skeleton (D:9)
3 creatures vanquished.

Grand Total: 384 creatures vanquished

Notes
Turn   | Place    | Note
--------------------------------------------------------------
     0 | D:1      | Patate, the Minotaur Berserker, began the quest for the Orb.
     0 | D:1      | Reached XP level 1. HP: 19/19 MP: 1/1
    86 | D:1      | Reached skill level 4 in Fighting
    92 | D:1      | Reached XP level 2. HP: 22/27 MP: 1/1
   106 | D:1      | Gained mutation: You can spit poison. [potion of mutation]
   106 | D:1      | Gained mutation: You are surrounded by a mild repulsion field (EV +2). [potion of mutation]
   106 | D:1      | Gained mutation: Potions and wands are less effective at restoring your health. [potion of mutation]
   617 | D:1      | Acquired Trog's second power
   759 | D:2      | Reached XP level 3. HP: 32/34 MP: 2/2
   832 | D:2      | Upgraded the game from 0.15.0-18-g9076a4f to 0.15.0-23-gc2b521c
  1256 | D:2      | Found a white marble altar of Elyvilon.
  1532 | D:2      | Found a deep blue altar of Sif Muna.
  1607 | D:3      | Reached XP level 4. HP: 41/41 MP: 2/2
  1994 | D:3      | Reached skill level 5 in Armour
  2117 | D:3      | Reached XP level 5. HP: 37/47 MP: 2/2
  2138 | D:2      | Found a blossoming altar of Fedhas.
  2456 | D:4      | Reached skill level 6 in Armour
  2600 | D:4      | Noticed a phantom
  2618 | D:4      | Killed a phantom
  2618 | D:4      | Reached skill level 7 in Armour
  2618 | D:4      | Reached XP level 6. HP: 51/53 MP: 3/3
  2738 | D:4      | Noticed EvilAshe's ghost (average HOFi)
  2753 | D:4      | Killed EvilAshe's ghost
  2753 | D:4      | Reached skill level 8 in Armour
  2839 | D:4      | Noticed an angel
  2840 | D:4      | Found a glowing silver altar of Zin.
  2840 | D:4      | Found a shimmering altar of Xom.
  3168 | D:5      | Entered Level 5 of the Dungeon
  3398 | D:5      | Found an iron altar of Okawaru.
  3435 | D:5      | Got a polished spear
  3436 | D:5      | Identified the +3 spear of Ifeeh {pierce, +Inv rN+} (You found it on level 5 of the Dungeon)
  3605 | D:5      | Reached XP level 7. HP: 60/60 MP: 3/3
  3654 | D:5      | Reached skill level 9 in Armour
  3660 | D:5      | Noticed a hill giant skeleton
  3676 | D:5      | Killed a hill giant skeleton
  3941 | D:5      | Found a staircase to the Ecumenical Temple.
  4051 | D:6      | Noticed Sigmund
  4117 | D:6      | Reached skill level 10 in Armour
  4242 | D:6      | Reached skill level 5 in Fighting
  4272 | D:6      | Reached XP level 8. HP: 60/68 MP: 3/3
  4290 | D:6      | Acquired Trog's third power
  4324 | D:5      | Reached skill level 1 in Polearms
  4366 | Temple   | Entered the Ecumenical Temple
  4689 | D:6      | Killed Sigmund
  4833 | D:6      | Noticed Prince Ribbit
  4848 | D:6      | Killed Prince Ribbit
  5047 | D:6      | Noticed Pikel
  5067 | D:6      | Killed Pikel
  5067 | D:6      | Reached skill level 5 in Polearms
  5067 | D:6      | Reached XP level 9. HP: 68/83 MP: 4/4
  5376 | D:7      | Reached skill level 1 in Throwing
  5454 | D:7      | Noticed SaintRoka's ghost (experienced NaTm)
  5487 | D:7      | Killed SaintRoka's ghost
  5831 | D:7      | Reached skill level 10 in Fighting
  6552 | D:8      | Found a basalt altar of Yredelemnul.
  6552 | D:8      | Noticed Psyche
  6569 | D:8      | Killed Psyche
  6881 | D:8      | Found a glowing golden altar of the Shining One.
  7146 | D:8      | Reached skill level 11 in Fighting
  7510 | D:8      | Reached XP level 10. HP: 70/96 MP: 4/4
  7775 | D:9      | Noticed Blork the orc
  7789 | D:9      | Killed Blork the orc
  7789 | D:9      | Reached skill level 12 in Fighting
  8701 | D:9      | Reached skill level 5 in Throwing
  8746 | D:9      | Received a gift from Trog
  9013 | D:9      | Reached skill level 13 in Fighting
  9209 | D:9      | Found a stormy altar of Qazlal.
  9209 | D:9      | Found a sparkling altar of Nemelex Xobeh.
  9663 | D:9      | Found a staircase to the Orcish Mines.
 10334 | D:10     | Entered Level 10 of the Dungeon
 10459 | D:10     | Reached XP level 11. HP: 107/107 MP: 4/4
 10473 | D:10     | Noticed Harold
 10510 | D:10     | Killed Harold
 10546 | D:10     | Received a gift from Trog
 10706 | D:10     | Noticed Joseph
 10737 | D:10     | Killed Joseph
 11009 | D:10     | Noticed a hill giant
 11021 | D:10     | Killed a hill giant
 11021 | D:10     | Reached skill level 14 in Fighting
 11956 | D:11     | Noticed a hill giant
 11970 | D:11     | Killed a hill giant
 11970 | D:11     | Reached skill level 10 in Polearms
 12153 | D:11     | Noticed a hill giant
 12165 | D:11     | Killed a hill giant
 12564 | D:11     | Noticed a hill giant
 12722 | D:11     | Identified a scroll of acquirement
 12776 | D:11     | Noticed a hill giant
 12787 | D:11     | Killed a hill giant
 12787 | D:11     | Reached skill level 15 in Fighting
 13055 | D:12     | Noticed Erica
 13074 | D:12     | Killed Erica
 13269 | D:11     | Killed a hill giant
 13411 | D:12     | Reached XP level 12. HP: 121/121 MP: 5/5
 13782 | D:12     | Noticed Maurice
 14492 | D:8      | Found a staircase to the Lair.
 14867 | Lair:1   | Entered Level 1 of the Lair of Beasts
 14912 | Lair:1   | Received a gift from Trog
 16154 | Lair:1   | Received a gift from Trog
 16357 | Lair:1   | Mangled by a spiny frog

Action                   |  1- 3 |  4- 6 |  7- 9 | 10-12 || total
-------------------------+-------+-------+-------+-------++-------
Melee: Hand axe          |   103 |   127 |       |       ||   230
       Spear             |       |     7 |   272 |   714 ||   993
       Unarmed           |       |       |       |   115 ||   115
Throw: Tomahawk          |       |       |     3 |     7 ||    10
Invok: Trog's Hand       |       |     2 |     2 |     5 ||     9
       Burn Spellbooks   |       |     1 |       |       ||     1
       Berserk           |       |     1 |       |       ||     1
       Brothers in Arms  |       |       |     1 |     5 ||     6
  Use: Potion            |     3 |     3 |     6 |     2 ||    14
       Scroll            |       |       |       |    14 ||    14
 Stab: Fleeing           |       |       |       |     1 ||     1
       Distracted        |       |       |       |     1 ||     1
  Eat: Bread ration      |     1 |       |       |       ||     1
       Chunk             |       |     5 |    14 |    21 ||    40
       Fruit             |       |       |     1 |     9 ||    10
